 Dungeon Crawl Stone Soup version 0.25.1-2-g60ff931df9 (webtiles) character file.

Game seed: 2117098536714934883

51 Acheron the Chiller (level 3, -3/20 HPs)
             Began as a Tengu Ice Elementalist on Aug 8, 2020.
             Slain by a worm (5 damage)
             ... on level 2 of the Dungeon.
             The game lasted 00:08:49 (1011 turns).

Acheron the Chiller (Tengu Ice Elementalist)        Turns: 1011, Time: 00:08:50

Health: -3/20      AC:  3    Str:  8    XL:     3   Next: 81%
Magic:  6/7        EV: 12    Int: 16    God:
Gold:   70         SH:  0    Dex: 14    Spells: 5/6 levels left

rFire    . . .     SeeInvis .   n - +3 short sword (drain)
rCold    . . .     Gourm    .   (no shield)
rNeg     . . .     Faith    .   f - +0 leather armour
rPois    .         Spirit   .   (helmet restricted)
rElec    .         Reflect  .   (no cloak)
rCorr    .         Harm     .   (no gloves)
MR       .....                  (boots unavailable)
Stlth    ++........             (no amulet)
HPRegen  0.06/turn              (no ring)
MPRegen  0.10/turn              (no ring)

@: no status effects
A: beak, talons 3
a: no special abilities


You were on level 2 of the Dungeon.
You were not hungry.

You visited 1 branch of the dungeon, and saw 2 of its levels.

You collected 70 gold pieces.

Inventory:

Hand Weapons
 n - a +3 short sword of draining (weapon)
Missiles
 b - 4 poisoned darts (quivered)
 e - 32 stones
 h - 21 sling bullets
 k - 7 boomerangs
Armour
 a - a +0 robe
 f - a +0 leather armour (worn)
 m - a +1 ring mail of cold resistance
Scrolls
 l - a scroll of remove curse
Potions
 j - a potion of might {unknown}
Comestibles
 c - 3 rations
 d - a chunk of flesh


   Skills:
 * Level 0.3 Fighting
 * Level 1.1 Throwing
 * Level 0.7 Armour
 * Level 2.6 Dodging
 * Level 2.4 Stealth
 * Level 2.3 Spellcasting
 + Level 3.9 Ice Magic


You had 5 spell levels left.
You knew the following spells:

 Your Spells              Type           Power        Failure   Level  Hunger
a - Freeze                Ice            ##..         5%          1    #......

Your spell library contained the following spells:

 Spells                   Type           Power        Failure   Level  Hunger
 Frozen Ramparts          Ice            ##....       17%         3    ###....
 Ozocubu's Armour         Chrm/Ice       #.......     36%         3    ###....
 Hailstorm                Conj/Ice       #.......     77%         4    #####..
 Summon Ice Beast         Ice/Summ       #.......     77%         4    #####..


Dungeon Overview and Level Annotations

Branches:
Dungeon (2/15)

Altars:
Uskayaw
Vehumet


Innate Abilities, Weirdness & Mutations

You have a beak for a mouth.
You have claws for feet.


Message History

There is a large open door here.
There is a hide-covered altar of Uskayaw here.
Okay, then.
Throwing (i - inventory. (/) - cycle)
b - 5 poisoned darts (quivered)
Press: ? - help, Shift-Dir - straight line, f/p - worm
Aim: a worm (moderately wounded)
You throw a poisoned dart. The poisoned dart hits the worm.
The worm is poisoned.
The worm is moderately wounded.
You hit the worm. You drain the worm. Your kick misses the worm.
The worm is heavily wounded.
There is a fountain of clear blue water here.
You barely miss the worm.
The worm is heavily wounded.
The worm looks more healthy.
The worm bites you.
* * * LOW HITPOINT WARNING * * *
You hit the worm. You drain the worm.
The worm is severely wounded.
The worm bites you.
You die...

#### #⌠@#
#ww# #..#
#('#
#..##
#...#
##).#
#.(#
#..####.#


You could see 2 worms.

Vanquished Creatures
  Jessica (D:2)
  A dart slug (D:1)
  2 leopard geckos (D:1)
  A giant cockroach (D:1)
  5 hobgoblins
  A quokka (D:2)
  4 bats (D:1)
  3 frilled lizards (D:1)
  3 goblins (D:1)
  A kobold (D:1)
  A rat (D:1)
23 creatures vanquished.

Notes
Turn   | Place    | Note
-------+----------+-------------------------------------------
     0 | D:1      | Acheron the Tengu Ice Elementalist began the quest for the
                  | Orb.
     0 | D:1      | Reached XP level 1. HP: 10/10 MP: 4/4
   343 | D:1      | Reached XP level 2. HP: 15/15 MP: 4/6
   972 | D:2      | Noticed Jessica
   977 | D:2      | Killed Jessica
   977 | D:2      | Reached skill level 1 in Throwing
   977 | D:2      | Reached XP level 3. HP: 20/20 MP: 3/7
  1003 | D:2      | Found a hide-covered altar of Uskayaw.
  1003 | D:2      | Found a radiant altar of Vehumet.
  1011 | D:2      | Slain by a worm

Illustrated notes

Levels and vault maps discovered:
D:1:      minmay_arrival_stair_chambers, layout_loops_ring
D:2:      layout_loops_corners, gammafunk_temple_overflow_wave, uniq_jessica

Skill      XL: |  1  2 |
---------------+-------+-----
Throwing       | 1 |  1.1
Fighting       | |  0.3
Armour         | |  0.7
Dodging        | |  2.6
Stealth        | |  2.4
Spellcasting   | |  2.3
Ice Magic      | |  3.9

Action                   || total
-------------------------++-------
Melee: Dagger            ||     6
       Peck              ||     2
       Kick              ||     5
       Short sword       ||    14
Throw: Dart              ||    32
 Cast: Freeze            ||    16
  Use: Scroll            ||     3
Armor: Leather armour    ||     2
Dodge: Dodged            ||    18
